[Event "ICC tourney 1969 (45 10)"]
[Site "Internet Chess Club"]
[Date "2020.08.23"]
[Round "7"]
[White "jy2020"]
[Black "sathviks"]
[Result "0-1"]
[ICCResult "White resigns"]
[WhiteElo "2224"]
[BlackElo "2218"]
[Opening "Scandinavian defense"]
[ECO "B01"]
[NIC "SD.01"]
[Time "16:01:56"]
[TimeControl "2700+10"]

1. e4 d5 2. exd5 Qxd5 3. Nc3 Qa5 4. d4 Nf6 5. Nf3 Bf5 6. Be2 e6 7. Bd2 c6 8.
O-O Nbd7 9. Re1 Be7 10. Bc4 Qc7 11. Ne5 Nxe5 12. dxe5 Nd7 13. Bf4 O-O-O 14.
Qe2 g5 15. Bc1 h5 16. a3 g4 17. b4 h4 18. Bf4 Rdg8 19. Bd3 Bxd3 20. Qxd3 Nf8
21. Qe3 Ng6 22. Rad1 Nxf4 23. Qxf4 f5 24. b5 g3 25. fxg3 hxg3 26. h3 Bc5+
27. Kh1 Bf2 28. Re2 Qg7 29. Rxf2 gxf2 30. Qxf2 Qg3 31. Qxg3 Rxg3 32. Ne2 Re3
33. Nf4 cxb5 34. Nxe6 Re8 35. Ng5 R8xe5 36. Nf3 Rc5 37. h4 Rxa3 38. h5 f4
39. h6 Rh5+ 40. Kg1 Rxh6 41. Rd5 a6 42. Ne5 Rc3 43. Nf7 Rg6 44. Nd6+ Kc7 45.
Ne8+ Kc6 46. Rd8 Kb6 47. Rd2 f3 {White resigns} 0-1

[Event "ICC tourney 1969 (45 10)"]
[Site "Internet Chess Club"]
[Date "2020.08.23"]
[Round "7"]
[White "Aqualime"]
[Black "arodmed30"]
[Result "0-1"]
[ICCResult "White checkmated"]
[WhiteElo "1295"]
[BlackElo "1629"]
[Opening "Budapest: Adler variation"]
[ECO "A52"]
[NIC "QG.01"]
[Time "16:02:12"]
[TimeControl "2700+10"]

1. d4 Nf6 2. c4 e5 3. dxe5 Ng4 4. Nf3 Bc5 5. e3 Nc6 6. Nc3 Ngxe5 7. Be2
Nxf3+ 8. Bxf3 Ne5 9. Be2 O-O 10. O-O d6 11. Na4 Bf5 12. Nxc5 dxc5 13. b3 Re8
14. Bb2 Nc6 15. Bf3 Be4 16. Bxe4 Rxe4 17. Qf3 Re6 18. Rfd1 Qe7 19. Rd5 Nb4
20. Rd2 Rd6 21. Qxb7 Rad8 22. Rxd6 Qxd6 23. h3 Qc6 24. Qxc6 Nxc6 25. Bc3 f6
26. Kf1 Kf7 27. Ke2 Ke6 28. Rd1 Re8 29. a3 Rb8 30. Rb1 Rb7 31. f4 Rb8 32. g4
g6 33. h4 h5 34. gxh5 gxh5 35. b4 Na5 36. Rd1 cxb4 37. Bxb4 Nxc4 38. Rc1 Kd5
39. Kd3 Nb2+ 40. Kc3 Na4+ 41. Kd3 Nb2+ 42. Ke2 c6 43. Rc5+ Ke4 44. Rxh5 Rg8
45. Kf2 Nd3+ 46. Ke2 Rg2+ 47. Kf1 Kf3 48. Be7 Rd2 49. Kg1 Rg2+ 50. Kf1 Re2
51. Bb4 Rc2 52. Kg1 Rc1+ 53. Kh2 Nf2 54. Be1 Rxe1 55. Rg5 Rh1#
{White checkmated}
0-1

[Event "ICC tourney 1969 (45 10)"]
[Site "Internet Chess Club"]
[Date "2020.08.23"]
[Round "7"]
[White "dopolian"]
[Black "saiabhi29"]
[Result "1-0"]
[ICCResult "Black resigns"]
[WhiteElo "2364"]
[BlackElo "2055"]
[Opening "Sicilian: Labourdonnais-Löwenthal (Kalashnikov) variation"]
[ECO "B32"]
[NIC "SI.32"]
[Time "16:02:05"]
[TimeControl "2700+10"]

1. e4 c5 2. Nf3 Nc6 3. d4 cxd4 4. Nxd4 e5 5. Nb5 d6 6. c4 a6 7. N5c3 f5 8.
exf5 Bxf5 9. Bd3 Be6 10. O-O Nf6 11. Na3 Be7 12. Nc2 O-O 13. Nd5 Bxd5 14.
cxd5 Nb8 15. Bf5 Nbd7 16. Be3 Kh8 17. Be6 Nc5 18. Bxc5 dxc5 19. a4 Qc7 20.
a5 Rad8 21. Ne3 Ne4 22. Qc2 Nd6 23. b4 Nb5 24. Nf5 c4 25. Nxe7 Qxe7 26. Qxc4
Rf4 27. Qc5 Qxc5 28. bxc5 Rc4 29. Rfc1 Nc3 30. Kf1 Rxc5 31. Ra3 Ne4 32. Rxc5
Nxc5 33. Rc3 Ne4 34. Rc7 Nd6 35. Ke2 h6 36. h4 Kh7 37. h5 Kh8 38. g3 Ne4 39.
Ke3 Nf6 40. Rxb7 Nxd5+ 41. Ke4 Nf6+ 42. Kxe5 Re8 43. Rc7 Nxh5 44. Rc8 Nf6
45. Rxe8+ Nxe8 46. Bc4 Nf6 47. Bxa6 Ng4+ 48. Kf4 Nf6 49. Bb7 Ne8 50. a6 Nc7
51. a7 Kg8 52. a8=Q+ Nxa8 53. Bxa8 Kf7 54. Ke5 Kg6 55. f4 h5 56. Bf3 Kh6 57.
Kf5 g6+ 58. Kf6 Kh7 59. Kg5 {Black resigns} 1-0

[Event "ICC tourney 1969 (45 10)"]
[Site "Internet Chess Club"]
[Date "2020.08.23"]
[Round "7"]
[White "happyscientist"]
[Black "HarleyQueen8"]
[Result "0-1"]
[ICCResult "White resigns"]
[WhiteElo "1672"]
[BlackElo "1734"]
[Opening "Sicilian: Alapin's variation (2.c3)"]
[ECO "B22"]
[NIC "SI.47"]
[Time "16:01:56"]
[TimeControl "2700+10"]

1. e4 c5 2. c3 Nf6 3. e5 Nd5 4. d4 cxd4 5. cxd4 e6 6. Nc3 d6 7. Nxd5 exd5 8.
exd6 Bxd6 9. Nf3 O-O 10. Be2 Nc6 11. O-O Bg4 12. Be3 Re8 13. h3 Bh5 14. Kh1
Ne7 15. Bd3 h6 16. Rc1 Bc7 17. Bb5 Rf8 18. Bd3 Qd6 19. g4 Bg6 20. Bxg6 Nxg6
21. Qb3 Rab8 22. Bd2 Rfe8 23. Rc5 Red8 24. Re1 b6 25. Rc2 Rbc8 26. Rec1 Qe7
27. Kg2 Qd7 28. Rc3 Bf4 29. Rxc8 Rxc8 30. Rxc8+ Qxc8 31. Be3 Qe6 32. Qd3 Bd6
33. Bd2 Bb4 34. Be3 Bd6 35. Bd2 Bf4 36. Be3 Bd6 37. b3 Qd7 38. Qc3 Bc7 39.
Ne5 Bxe5 40. dxe5 Qe7 41. Bd4 Nf4+ 42. Kh2 Ne2 43. Qe3 Nxd4 44. Qxd4 Qc5 45.
Qd2 d4 46. Qe2 Qd5 47. Kg1 d3 48. Qd2 Qf3 49. Qc3 Qd1+ 50. Kg2 Qc2 51. Qd4
d2 {White resigns} 0-1

[Event "ICC tourney 1969 (45 10)"]
[Site "Internet Chess Club"]
[Date "2020.08.23"]
[Round "8"]
[White "Chessking2008"]
[Black "ITOT"]
[Result "1-0"]
[ICCResult "Black resigns"]
[WhiteElo "2151"]
[BlackElo "1776"]
[Opening "English: Mikenas-Carls variation"]
[ECO "A18"]
[NIC "EO.57"]
[Time "18:31:31"]
[TimeControl "2700+10"]

1. c4 Nf6 2. Nc3 e6 3. e4 d5 4. cxd5 exd5 5. e5 Ne4 6. d4 Bb4 7. Qc2 Bf5 8.
Bd3 Bg6 9. Ne2 O-O 10. O-O Nxc3 11. bxc3 Bxd3 12. Qxd3 Be7 13. f4 c5 14. f5
Bg5 15. Qf3 Bxc1 16. Raxc1 f6 17. Nf4 Nc6 18. Ne6 Qd7 19. Nxc5 {Black
resigns} 1-0

[Event "ICC tourney 1969 (45 10)"]
[Site "Internet Chess Club"]
[Date "2020.08.23"]
[Round "8"]
[White "saiabhi29"]
[Black "avats"]
[Result "1-0"]
[ICCResult "Black checkmated"]
[WhiteElo "2062"]
[BlackElo "1585"]
[Opening "Queen's pawn: London system"]
[ECO "A45"]
[NIC "QP.07"]
[Time "18:31:23"]
[TimeControl "2700+10"]

1. d4 Nf6 2. Bf4 d5 3. e3 e6 4. Nd2 Bd6 5. Bg3 O-O 6. Ngf3 Qe7 7. Bd3 Nbd7
8. Ne5 c6 9. O-O Rd8 10. c3 Nb6 11. Qc2 h6 12. Bh4 Nbd7 13. f4 Nf8 14. Ndf3
Bd7 15. Ng4 c5 16. Nfe5 h5 17. Nxf6+ gxf6 18. Qe2 Nh7 19. Qxh5 Nf8 20. Rf3
Bxe5 21. fxe5 Ng6 22. Bxf6 Qf8 23. Bxg6 fxg6 24. Qxg6+ Qg7 25. Qxg7#
{Black checkmated}
1-0

[Event "ICC tourney 1969 (45 10)"]
[Site "Internet Chess Club"]
[Date "2020.08.23"]
[Round "8"]
[White "orwind"]
[Black "Jeffchess"]
[Result "1-0"]
[ICCResult "Black checkmated"]
[WhiteElo "1319"]
[BlackElo "1349"]
[Opening "Caro-Masi defense"]
[ECO "B12"]
[NIC "CK.01"]
[Time "18:31:42"]
[TimeControl "2700+10"]

1. e4 c6 2. d4 Nf6 3. Nc3 d5 4. e5 Nfd7 5. Nf3 e6 6. Be3 Bb4 7. a3 Bxc3+ 8.
bxc3 a5 9. c4 Nb6 10. cxd5 Nxd5 11. Qd2 Nxe3 12. Qxe3 a4 13. Bd3 Qa5+ 14.
Nd2 Nd7 15. O-O b6 16. Nc4 Qd5 17. Nd6+ Kf8 18. c4 Qa5 19. Be4 c5 20. Qf3 f5
21. Bxa8 Ba6 22. Qc6 Ke7 23. Bb7 Bxb7 24. Nxb7 Qa7 25. Qd6+ Kf7 26. Qxd7+
Kg6 27. Qxe6+ Kg5 28. f4+ Kg4 29. h3+ Kh5 30. Qxf5+ Kh6 31. Qg5#
{Black checkmated}
1-0

[Event "ICC tourney 1969 (45 10)"]
[Site "Internet Chess Club"]
[Date "2020.08.23"]
[Round "8"]
[White "tricksterssbu"]
[Black "mrmusicwriter5"]
[Result "0-1"]
[ICCResult "White resigns"]
[WhiteElo "1642"]
[BlackElo "1829"]
[Opening "Sicilian: Najdorf"]
[ECO "B90"]
[NIC "SI.14"]
[Time "18:31:28"]
[TimeControl "2700+10"]

1. e4 c5 2. Nf3 d6 3. d4 cxd4 4. Nxd4 Nf6 5. Nc3 a6 6. f3 e5 7. Nb3 Be6 8.
Nd5 Nxd5 9. exd5 Bd7 10. Be3 g6 11. Be2 Bg7 12. Qd2 Qc7 13. g4 b5 14. h4 h6
15. O-O-O a5 16. Kb1 a4 17. Nc1 Na6 18. Nd3 h5 19. gxh5 gxh5 20. f4 e4 21.
Nb4 Nxb4 22. Qxb4 f5 23. Rdg1 Bf6 24. Bxb5 Rb8 25. Bxd7+ Kxd7 26. Qxa4+ Ke7
27. Bd4 Rxb2+ 28. Kxb2 Qb6+ 29. Kc1 Bxd4 30. Rg3 Qb2+ 31. Kd2 e3+ 32. Rxe3+
Bxe3+ 33. Kxe3 Rc8 34. Qb3 Rc3+ 35. Kd2 Rxb3 36. axb3 Qd4+ 37. Kc1 Qa1+
{White resigns}
0-1

[Event "ICC tourney 1969 (45 10)"]
[Site "Internet Chess Club"]
[Date "2020.08.23"]
[Round "8"]
[White "kgeisenman32"]
[Black "stgummadi"]
[Result "1-0"]
[ICCResult "Black resigns"]
[WhiteElo "1407"]
[BlackElo "1406"]
[Opening "Queen's pawn game, Chigorin variation"]
[ECO "D02"]
[NIC "QP.08"]
[Time "18:31:27"]
[TimeControl "2700+10"]

1. d4 d5 2. Nf3 Nc6 3. Bf4 Nf6 4. e3 e6 5. a3 Bd6 6. Bxd6 cxd6 7. c4 e5 8.
Nc3 dxc4 9. Bxc4 exd4 10. Nxd4 Nxd4 11. Qxd4 O-O 12. O-O Bf5 13. Rfd1 a6 14.
Qxd6 Qxd6 15. Rxd6 Rfd8 16. Rad1 Rxd6 17. Rxd6 Kf8 18. h3 Ke7 19. Rb6 Ra7
20. Nd5+ Nxd5 21. Bxd5 Bc8 22. Kf1 Kd7 23. Bxf7 Kc7 24. Rb4 b5 25. Rd4 Kb6
26. Bh5 Kc5 27. b4+ Kb6 28. Bg4 a5 29. Bxc8 {Black resigns} 1-0

[Event "ICC tourney 1969 (45 10)"]
[Site "Internet Chess Club"]
[Date "2020.08.23"]
[Round "8"]
[White "SophylacticPlay"]
[Black "Ayushb"]
[Result "1-0"]
[ICCResult "Black resigns"]
[WhiteElo "2230"]
[BlackElo "1729"]
[Opening "Giuoco piano: Rosentreter variation"]
[ECO "C50"]
[NIC "IG.02"]
[Time "18:31:27"]
[TimeControl "2700+10"]

1. e4 e5 2. Nf3 Nc6 3. Bc4 Bc5 4. O-O Nf6 5. d4 Bxd4 6. Nxd4 Nxd4 7. Bg5 h6
8. Bh4 g5 9. f4 d5 10. exd5 gxf4 11. Rxf4 exf4 12. Qxd4 Rg8 13. Bxf6 Qd6 14.
Nc3 Bh3 15. Nb5 Rxg2+ 16. Kh1 Qd7 17. Qc5 Rxh2+ 18. Kxh2 Qg4 {Black resigns}
1-0

[Event "ICC tourney 1969 (45 10)"]
[Site "Internet Chess Club"]
[Date "2020.08.23"]
[Round "8"]
[White "CoolBruhO"]
[Black "SunnyDays0"]
[Result "0-1"]
[ICCResult "White checkmated"]
[WhiteElo "1234"]
[BlackElo "1173"]
[Opening "Durkin's attack"]
[ECO "A00"]
[Time "18:31:29"]
[TimeControl "2700+10"]

1. Na3 d5 2. b3 Nc6 3. Bb2 e5 4. e3 Bd6 5. Nf3 Nf6 6. c4 e4 7. Ng1 Be5 8.
Qc2 Nb4 9. Qc1 Bxb2 10. Qxb2 c6 11. Be2 Bg4 12. f3 exf3 13. gxf3 Bf5 14. Qc3
a5 15. d3 O-O 16. O-O-O Nxa2+ 17. Kc2 Nxc3 18. Kxc3 Qe7 19. Nc2 dxc4 20.
bxc4 b5 21. f4 b4+ 22. Kb2 a4 23. Na1 Qxe3 24. h3 Qd4+ 25. Ka2 Qc3 26. Nf3
b3+ 27. Ka3 b2+ 28. Ka2 Rfe8 29. Rhe1 bxa1=Q+ 30. Rxa1 Qb3# {White
checkmated} 0-1

[Event "ICC tourney 1969 (45 10)"]
[Site "Internet Chess Club"]
[Date "2020.08.23"]
[Round "8"]
[White "tanishqchess"]
[Black "happyscientist"]
[Result "0-1"]
[ICCResult "White resigns"]
[WhiteElo "898"]
[BlackElo "1686"]
[Opening "Giuoco Piano"]
[ECO "C54"]
[NIC "IG.02"]
[Time "18:31:29"]
[TimeControl "2700+10"]

1. e4 e5 2. Nf3 Nc6 3. Bc4 Bc5 4. c3 Nf6 5. d4 exd4 6. cxd4 Bb4+ 7. Nc3 Nxe4
8. O-O Bxc3 9. bxc3 O-O 10. Qd3 d5 11. Bb3 Ne7 12. Ba3 Re8 13. Rfe1 Ng6 14.
c4 c6 15. Ne5 Nxe5 16. dxe5 Be6 17. Rad1 Qb6 18. Re2 Bg4 19. c5 Bxe2 20.
cxb6 Bxd3 21. Rxd3 axb6 22. Bc1 Nc5 23. Rd2 Nxb3 24. axb3 Ra1 25. Rd1 Rxe5
26. g3 Re2 27. Rf1 d4 28. Rd1 Rc2 29. Rxd4 Rcxc1+ 30. Kg2 g6 31. Kf3 Rc3+
32. Kf4 Rxb3 33. Kg5 Kg7 34. Rd7 c5 35. Rxb7 c4 36. Rd7 c3 37. Rd3 Ra4 38.
f4 Rb5+ 39. Kg4 c2 40. Rc3 Rc5 41. Rxc5 bxc5 {White resigns} 0-1

[Event "ICC tourney 1969 (45 10)"]
[Site "Internet Chess Club"]
[Date "2020.08.23"]
[Round "8"]
[White "annameiyappan"]
[Black "dzchess01"]
[Result "0-1"]
[ICCResult "White resigns"]
[WhiteElo "2028"]
[BlackElo "1840"]
[Opening "Sicilian defense"]
[ECO "B40"]
[NIC "SI.43"]
[Time "18:31:22"]
[TimeControl "2700+10"]

1. e4 c5 2. Nf3 e6 3. c3 Nf6 4. e5 Nd5 5. d4 cxd4 6. cxd4 d6 7. Bb5+ Bd7 8.
Bxd7+ Nxd7 9. O-O Be7 10. Nbd2 O-O 11. Ne4 dxe5 12. dxe5 Qc7 13. Qd4 Qb6 14.
Qa4 Nc5 15. Nxc5 Bxc5 16. Bd2 Rac8 17. a3 Ne7 18. b4 Bd4 19. Nxd4 Qxd4 20.
Be3 Qxe5 21. Qxa7 Rc7 22. Rfe1 Rfc8 23. Bb6 Qxa1 {White resigns} 0-1

[Event "ICC tourney 1969 (45 10)"]
[Site "Internet Chess Club"]
[Date "2020.08.23"]
[Round "8"]
[White "Andy0507"]
[Black "MateOnF7"]
[Result "1/2-1/2"]
[ICCResult "Game drawn by mutual agreement"]
[WhiteElo "2325"]
[BlackElo "1913"]
[Opening "Queen's pawn: London system"]
[ECO "A45"]
[NIC "QP.07"]
[Time "18:31:46"]
[TimeControl "2700+10"]

1. d4 Nf6 2. Bf4 d5 3. e3 e6 4. Nf3 Bd6 5. Bxd6 Qxd6 6. Nbd2 O-O 7. Ne5 c5
8. c3 Nfd7 9. f4 f6 10. Nxd7 Bxd7 11. Bd3 e5 12. Qh5 e4 13. Be2 f5 14. O-O
Nc6 15. dxc5 Qxc5 16. Qh3 Rf6 17. Nb3 Qb6 18. Rfd1 Be6 19. Rab1 Rc8 20. Nd4
Nxd4 21. exd4 Bd7 22. Kh1 Bb5 {Game drawn by mutual agreement} 1/2-1/2

[Event "ICC tourney 1969 (45 10)"]
[Site "Internet Chess Club"]
[Date "2020.08.23"]
[Round "8"]
[White "Luc2008"]
[Black "hackerguru"]
[Result "1/2-1/2"]
[ICCResult "Game drawn by mutual agreement"]
[WhiteElo "1599"]
[BlackElo "1760"]
[Opening "Bogo-Indian defense"]
[ECO "E11"]
[NIC "QI.01"]
[Time "18:32:36"]
[TimeControl "2700+10"]

1. d4 Nf6 2. c4 e6 3. Nf3 Bb4+ 4. Bd2 a5 5. a3 Bxd2+ 6. Qxd2 d6 7. Nc3 Nbd7
8. e4 e5 9. Be2 O-O 10. O-O Re8 11. d5 b6 12. b4 Bb7 13. h3 h6 14. Rfe1 Qe7
15. Bd3 Nf8 16. Nh4 Ng6 17. Nxg6 fxg6 18. f4 exf4 19. Qxf4 Qe5 20. Qxe5 Rxe5
21. c5 axb4 22. axb4 dxc5 23. Rxa8+ Bxa8 24. bxc5 bxc5 25. Ra1 Re8 26. Bc4
Kh7 27. e5 Nd7 28. Bb5 Rxe5 29. Rxa8 Nb6 30. Rd8 Re3 31. Na4 Nxa4 32. Bxa4
c4 33. Rc8 Rd3 34. Rxc7 Rxd5 35. Rxc4 Ra5 36. Bc2 Ra6 37. Rg4 h5 38. Rg3 Kh6
39. h4 Rf6 40. Kh2 Rc6 41. Be4 Re6 42. Bf3 Rd6 43. Rg5 Rd4 44. g3 Rd2+ 45.
Kh3 Rd3 46. Be4 Rd6 47. g4 Re6 48. Bf3 hxg4+ 49. Rxg4 Re5 50. Kg3 g5 51. h5
Re6 52. Ra4 g6 53. hxg6 Kxg6 54. Ra8 Re3 55. Kg4 Re1 56. Ra6+ Kg7 57. Kxg5
Re5+ 58. Kf4 Rb5 59. Bg4 Rb4+ 60. Kg5 Kf7 61. Ra7+ Ke8 62. Be6 Kd8 63. Kf6
Rb6 64. Ke5 Ke8 65. Rh7 Kd8 66. Ra7 Ke8 67. Bd5 Kd8 68. Kd4 Ke8 69. Kc5 Rf6
70. Bc6+ Kf8 71. Rd7 Rf5+ 72. Kd4 Rf7 73. Rd8+ Ke7 74. Rb8 Kd6
{Game drawn by mutual agreement}
1/2-1/2

[Event "ICC tourney 1969 (45 10)"]
[Site "Internet Chess Club"]
[Date "2020.08.23"]
[Round "8"]
[White "Adhvaith0406"]
[Black "Vish1080"]
[Result "1/2-1/2"]
[ICCResult "Game drawn by mutual agreement"]
[WhiteElo "1987"]
[BlackElo "1676"]
[Opening "Sicilian: Labourdonnais-Löwenthal (Kalashnikov) variation"]
[ECO "B32"]
[NIC "SI.32"]
[Time "18:31:37"]
[TimeControl "2700+10"]

1. e4 c5 2. Nf3 Nc6 3. d4 cxd4 4. Nxd4 e5 5. Nb5 d6 6. N1c3 a6 7. Na3 Be7 8.
Nc4 b5 9. Ne3 Nf6 10. Bd3 O-O 11. O-O Be6 12. Ncd5 Bxd5 13. Nxd5 Nxd5 14.
exd5 Nb4 15. f4 Nxd3 16. Qxd3 exf4 17. Bxf4 Bg5 18. Rae1 Qb6+ 19. Kh1 Bxf4
20. Rxf4 Rae8 21. Ref1 Qe3 22. Qd1 Qe2 23. R4f2 Qxd1 24. Rxd1 Re5 25. Kg1
Rc8 26. c3 f6 27. Kf1 Rc5 28. Rfd2 Kf7 29. Rd4 f5 30. Kf2 Kf6 31. g3 g5
{Game drawn by mutual agreement}
1/2-1/2

[Event "ICC tourney 1969 (45 10)"]
[Site "Internet Chess Club"]
[Date "2020.08.23"]
[Round "8"]
[White "sakethdesu"]
[Black "Aqualime"]
[Result "0-1"]
[ICCResult "White checkmated"]
[WhiteElo "865"]
[BlackElo "1299"]
[Opening "Ruy Lopez: exchange, Gligoric variation"]
[ECO "C69"]
[NIC "RL.08"]
[Time "18:31:26"]
[TimeControl "2700+10"]

1. e4 e5 2. Nf3 Nc6 3. Bb5 a6 4. Bxc6 dxc6 5. O-O f6 6. c3 Bg4 7. h3 Bh5 8.
d3 Bd6 9. Be3 Ne7 10. d4 O-O 11. dxe5 fxe5 12. Nbd2 c5 13. Nc4 Bxf3 14. gxf3
Ng6 15. Nxd6 cxd6 16. Kh2 Nf4 17. Rg1 Qd7 18. Rg4 Rf6 19. Bxf4 exf4 20. e5
Rh6 21. Qd5+ Kh8 22. Rag1 Rg8 23. exd6 Rxd6 24. Qxc5 Rd2 25. Rxg7 Rxf2+ 26.
Qxf2 Rxg7 27. Rxg7 Qxg7 28. Qa7 Qg3+ 29. Kh1 Qxh3+ 30. Kg1 Qg3+ 31. Kf1
Qxf3+ 32. Ke1 Qe3+ 33. Qxe3 fxe3 34. Ke2 Kg7 35. Kxe3 Kf6 36. Ke4 h5 37. b4
h4 38. Kf4 h3 39. Kg3 Ke5 40. Kxh3 Kd5 41. Kg3 Kc4 42. Kf3 Kxc3 43. Ke4 Kxb4
44. Kd5 b5 45. Kc6 a5 46. Kd5 Ka3 47. Kd4 Kxa2 48. Kc3 Ka3 49. Kc2 b4 50.
Kb1 Kb3 51. Ka1 Kc2 52. Ka2 b3+ 53. Ka1 b2+ 54. Ka2 b1=Q+ 55. Ka3 Qb3#
{White checkmated}
0-1

[Event "ICC tourney 1969 (45 10)"]
[Site "Internet Chess Club"]
[Date "2020.08.23"]
[Round "8"]
[White "charanreddy"]
[Black "vyomvidy"]
[Result "1-0"]
[ICCResult "Black resigns"]
[WhiteElo "1322"]
[BlackElo "2235"]
[Opening "Giuoco Pianissimo: Italian four knights variation"]
[ECO "C50"]
[NIC "IG.02"]
[Time "18:31:20"]
[TimeControl "2700+10"]

1. e4 e5 2. Nf3 Nc6 3. Bc4 Bc5 4. Nc3 Nf6 5. d3 h6 6. O-O d6 7. h3 O-O 8.
Be3 a6 9. Bxc5 dxc5 10. a4 Re8 11. Nd2 Ne7 12. a5 Ng6 13. Qf3 Be6 14. Bxe6
Rxe6 15. Nc4 b5 16. axb6 cxb6 17. Ne3 b5 18. Rfe1 Ne7 19. Ncd5 Nfxd5 20.
exd5 Rf6 21. Qe4 Ng6 22. g3 Rd6 23. h4 Kh8 24. c4 bxc4 25. Nxc4 Rd7 26. h5
Nf8 27. Nxe5 Re7 28. d6 {Black resigns} 1-0

[Event "ICC tourney 1969 (45 10)"]
[Site "Internet Chess Club"]
[Date "2020.08.23"]
[Round "8"]
[White "xiaoqixia"]
[Black "varsat"]
[Result "1-0"]
[ICCResult "Black resigns"]
[WhiteElo "2144"]
[BlackElo "1897"]
[Opening "Four knights: Scotch, 4...exd4"]
[ECO "C47"]
[NIC "KP.06"]
[Time "18:31:36"]
[TimeControl "2700+10"]

1. e4 e5 2. Nf3 Nc6 3. Nc3 Nf6 4. d4 exd4 5. Nxd4 Bc5 6. Nxc6 bxc6 7. Bd3 d6
8. Na4 Bb6 9. Nxb6 cxb6 10. O-O O-O 11. Bg5 h6 12. Bh4 Qe7 13. f4 Qe6 14.
Qf3 Nd7 15. b3 Nc5 16. Rae1 Nxd3 17. Qxd3 d5 18. f5 Qd6 19. e5 Qc5+ 20. Kh1
Qa3 21. Rf4 Kh7 22. Be7 Ba6 23. Bxa3 Bxd3 24. Bxf8 Bxc2 25. Bd6 c5 26. e6 f6
27. Kg1 d4 28. Kf2 d3 29. Ke3 Kg8 30. Kd2 Rc8 31. Re3 b5 32. e7 Kf7 33.
e8=Q+ Rxe8 34. Rxe8 {Black resigns} 1-0

[Event "ICC tourney 1969 (45 10)"]
[Site "Internet Chess Club"]
[Date "2020.08.23"]
[Round "8"]
[White "laksa"]
[Black "Monkeybomb3605"]
[Result "0-1"]
[ICCResult "White resigns"]
[WhiteElo "2137"]
[BlackElo "1989"]
[Opening "King's Indian: Sämisch, 5...O-O"]
[ECO "E81"]
[NIC "KI.52"]
[Time "18:31:19"]
[TimeControl "2700+10"]

1. d4 Nf6 2. c4 g6 3. f3 Bg7 4. e4 d6 5. Nc3 O-O 6. Nge2 c5 7. Be3 Qa5 8.
Nc1 cxd4 9. Nb3 Qh5 10. Nxd4 Nc6 11. Nc2 Be6 12. Be2 Qh4+ 13. g3 Qh3 14. Bf1
Qh5 15. Nd5 Bxd5 16. cxd5 Ne5 17. Bg2 g5 18. h3 Rfc8 19. g4 Qg6 20. h4 gxh4
21. Rxh4 Nc4 22. Bd4 Qg5 23. Rh1 Nd7 24. Rh5 Qf4 25. Rf5 Qg3+ 26. Kf1 Nxb2
27. Bxb2 Bxb2 28. Rb1 Bf6 29. Rxb7 Bh4 30. Qe1 Rxc2 31. Qxg3 Bxg3 32. Rxd7
Rf2+ 33. Kg1 Rc8 {White resigns} 0-1

[Event "ICC tourney 1969 (45 10)"]
[Site "Internet Chess Club"]
[Date "2020.08.23"]
[Round "8"]
[White "atult"]
[Black "blueeagle405"]
[Result "1-0"]
[ICCResult "Black checkmated"]
[WhiteElo "1842"]
[BlackElo "1978"]
[Opening "Sicilian: Smith-Morra gambit"]
[ECO "B21"]
[NIC "SI.47"]
[Time "18:32:21"]
[TimeControl "2700+10"]

1. e4 c5 2. d4 cxd4 3. c3 Nf6 4. e5 Nd5 5. Qxd4 e6 6. Nf3 Nc6 7. Qe4 f5 8.
Qe2 Nf6 9. exf6 Qxf6 10. Bf4 d6 11. Na3 Qd8 12. O-O-O a6 13. Nc4 d5 14. Nfe5
g6 15. Nxc6 bxc6 16. Qe5 Rg8 17. Nd6+ Kd7 18. Nxc8 Qxc8 19. Re1 Ke8 20.
Qxe6+ Qxe6 21. Rxe6+ Kd7 22. Re1 Bc5 23. Be3 Bd6 24. g3 g5 25. Bg2 f4 26.
Bd2 Raf8 27. Bh3+ g4 28. Bf1 f3 29. h3 h5 30. hxg4 hxg4 31. Rh7+ Kd8 32.
Bxa6 Re8 33. Rxe8+ Kxe8 34. Be3 Rg6 35. Bb7 Bb8 36. Rh8+ Kd7 37. Rxb8 Kc7
38. Bf4+ Kb6 39. Bc8+ Ka7 40. Rb7+ Ka8 41. Re7 d4 42. Bb7+ Ka7 43. Bxc6+ Ka6
44. Bb7+ Kb6 45. Be4 Rg8 46. Rb7+ Ka6 47. cxd4 Re8 48. Be5 Re6 49. Rc7 Re8
50. Kd2 Rb8 51. Rc6+ Kb5 52. Bxb8 Kb4 53. a3+ Kb3 54. Bd5+ Ka4 55. Rc4+ Kb5
56. a4+ Ka5 57. b4+ Ka6 58. b5+ Kb6 59. Bc7+ Ka7 60. Bb7 Kxb7 61. a5 Ka7 62.
b6+ Kb7 63. a6+ Ka8 64. b7+ Ka7 65. b8=Q+ Kxa6 66. Qb6# {Black checkmated}
1-0

[Event "ICC tourney 1969 (45 10)"]
[Site "Internet Chess Club"]
[Date "2020.08.23"]
[Round "8"]
[White "funplaychess"]
[Black "creepycrawlies"]
[Result "1/2-1/2"]
[ICCResult "Game drawn by mutual agreement"]
[WhiteElo "2363"]
[BlackElo "2198"]
[Opening "QGD semi-Slav: accelerated Meran (Alekhine variation)"]
[ECO "D45"]
[NIC "SL.08"]
[Time "18:31:27"]
[TimeControl "2700+10"]

1. d4 d5 2. c4 c6 3. Nf3 Nf6 4. Nc3 e6 5. e3 a6 6. Qc2 c5 7. cxd5 exd5 8.
Be2 Be6 9. O-O Nc6 10. Rd1 Nb4 11. Qd2 Ne4 12. Nxe4 dxe4 13. Ne5 cxd4 14.
exd4 Bd6 15. b3 O-O 16. Bb2 Rc8 17. Nc4 Be7 18. Ne3 Nd5 19. Rac1 Bg5 20.
Rxc8 Bxc8 21. Bc1 Bxe3 22. fxe3 Be6 23. Ba3 Re8 24. Bc4 Qd7 25. Bxd5 Bxd5
26. Rc1 Rc8 27. Rc3 h6 28. h3 Rc6 29. Rxc6 Qxc6 30. Qc1 Qxc1+ 31. Bxc1 f5
32. h4 g5 33. hxg5 hxg5 34. Kf2 Kf7 35. g3 Kg6 36. Ba3 Kh5 37. Be7 Kg4 38.
Bd6 {Game drawn by mutual agreement} 1/2-1/2

[Event "ICC tourney 1969 (45 10)"]
[Site "Internet Chess Club"]
[Date "2020.08.23"]
[Round "8"]
[White "VishyNo1"]
[Black "spamazing26"]
[Result "0-1"]
[ICCResult "White resigns"]
[WhiteElo "2047"]
[BlackElo "1706"]
[Opening "French: Winawer, advance, poisoned pawn, Konstantinopolsky variation"]
[ECO "C18"]
[NIC "FR.09"]
[Time "18:31:28"]
[TimeControl "2700+10"]

1. e4 e6 2. d4 d5 3. Nc3 Bb4 4. e5 Ne7 5. a3 Bxc3+ 6. bxc3 c5 7. Qg4 Qc7 8.
Qxg7 Rg8 9. Qxh7 cxd4 10. Ne2 dxc3 11. f4 Nbc6 12. h4 Bd7 13. Qd3 d4 14.
Nxd4 Nxd4 15. Qxd4 Nf5 16. Qf2 Bc6 17. Rh3 Rd8 18. Rxc3 Qd7 19. Rd3 Qc7 20.
Bd2 Rxd3 21. cxd3 Qd8 22. h5 Ng3 23. O-O-O Nxf1 24. Qxf1 Qd4 25. Kb1 Bxg2
26. Qe2 Qb6+ 27. Kc2 Kd7 28. Bc3 Bc6 29. Rb1 Ba4+ 30. Kc1 Rg1+ 31. Be1 Qc5+
32. Kb2 Qd4+ 33. Ka2 Bc6 34. Rb4 Bd5+ 35. Kb1 Qc3 {White resigns} 0-1

[Event "ICC tourney 1969 (45 10)"]
[Site "Internet Chess Club"]
[Date "2020.08.23"]
[Round "8"]
[White "HR2005"]
[Black "tcao"]
[Result "0-1"]
[ICCResult "White checkmated"]
[WhiteElo "2064"]
[BlackElo "1910"]
[Opening "French: Steinitz, Boleslavsky variation"]
[ECO "C11"]
[NIC "FR.04"]
[Time "18:31:26"]
[TimeControl "2700+10"]

1. e4 e6 2. d4 d5 3. Nc3 Nf6 4. e5 Nfd7 5. f4 c5 6. Nf3 Nc6 7. Be3 Qb6 8.
Na4 Qa5+ 9. c3 cxd4 10. b4 Nxb4 11. cxb4 Bxb4+ 12. Bd2 Bxd2+ 13. Nxd2 O-O
14. Bd3 b5 15. Nb2 Qc3 16. Rb1 Nc5 17. Qc2 b4 18. Bxh7+ Kh8 19. Bd3 a5 20.
Rc1 Nxd3+ 21. Nxd3 Ba6 22. Ke2 Rac8 23. Qb1 Qa3 24. Qb3 Qxc1 25. Rxc1 Rxc1
26. Nb1 Rfc8 27. Kd2 Rg1 28. Ne1 Kg8 29. Qf3 Rf1 30. Qg3 Bc4 31. Kd1 Bxa2
32. Nd2 Rh1 33. f5 exf5 34. e6 fxe6 35. Qd6 Re8 36. Qd7 Kf8 37. Nf3 Re7 38.
Qc8+ Re8 39. Qc5+ Kf7 40. Qxa5 b3 41. Qa7+ Re7 42. Qxd4 Rb7 43. Ne5+ Kg8 44.
Nd3 Bb1 45. Nc5 Bc2+ 46. Ke2 b2 47. Nxc2 b1=Q 48. Nxb7 Qxc2+ 49. Kf3 Rf1+
50. Kg3 f4+ 51. Kh4 Qh7+ 52. Kg4 Qxh2 53. Nc5 Qxg2+ 54. Kh5 Rh1#
{White checkmated}
0-1